 Dungeon Crawl Stone Soup version 0.18-a0-1211-g828307d (webtiles) character file.

224 wvc the Cudgeler (level 6, 6/37 HPs)
             Began as a Tengu Wanderer on Feb 2, 2016.
             Quit the game on level 5 of the Dungeon.
             The game lasted 00:06:31 (3737 turns).

wvc the Cudgeler (Tengu Wanderer)                   Turns: 3737, Time: 00:06:32

Health: 6/37       AC:  6    Str: 16    XL:     6   Next: 0%
Magic:  8/8        EV: 11    Int: 12    God:
Gold:   204        SH:  0    Dex: 12    Spells: 0 memorised, 5 levels left

rFire  . . .     SeeInvis .     n - +0 flail
rCold  . . .     Gourm    .     e - +0 ring mail
rNeg   . . .     Faith    .     (no shield)
rPois  .         Spirit   .     (helmet restricted)
rElec  .         Dismiss  .     (no cloak)
rCorr  .         Reflect  .     k - +0 pair of gloves
SustAt +         Harm     .     (boots unavailable)
MR     .....                    (no amulet)
Stlth  +.........               (no ring)
                                g - ring of sustain attributes

@: lethally poisoned (6 -> 0), not resistant to hostile enchantments, very
unstealthy
A: beak, talons 3, able to fly 1
a: Fly


You were on level 5 of the Dungeon.
You were not hungry.

You visited 1 branch of the dungeon, and saw 5 of its levels.

You collected 204 gold pieces.

Inventory:

Hand Weapons
 n - a +0 flail (weapon)
Armour
 e - a +0 ring mail (worn)
 k - a +0 pair of gloves (worn)
Jewellery
 g - a ring of sustain attributes (left hand)
Wands
 a - a wand of confusion (39/48)
 h - a wand of flame (18/48)
Scrolls
 c - 2 scrolls of fog
 d - a scroll of remove curse
 o - a scroll of identify
Potions
 b - 4 potions of curing
 i - a potion of ambrosia {unknown}
 j - a potion of might {unknown}
 l - a potion of agility {unknown}
 m - a potion of poison {unknown}
 p - 2 potions of lignification {unknown}
Comestibles
 f - 7 bread rations


   Skills:
 - Level 3.0 Fighting
 + Level 6.0 Maces & Flails
 - Level 2.1 Armour
 - Level 2.7 Dodging
 - Level 1.0 Stealth
 - Level 2.0 Evocations


You had 5 spell levels left.
You didn't know any spells.

Dungeon Overview and Level Annotations

Branches:
Dungeon (5/15)
 Temple: D:4-7

Altars:
Cheibriados
Pakellas
Xom


Innate Abilities, Weirdness & Mutations

You have a beak for a mouth.
You have claws for feet.
You can fly.


Message History

The worker ant is heavily wounded.
You feel sick.
The worker ant bites you but does no damage.
The worker ant barely misses you.
You hit the worker ant. Your kick misses the worker ant.
Your peck misses the worker ant.
The worker ant is severely wounded.
You feel sick. The worker ant bites you.
The phantom blinks!
Your ring mail prevents you from hitting the worker ant.
You claw the worker ant.
The worker ant is severely wounded.
You feel sick. The worker ant bites you!
* * * LOW HITPOINT WARNING * * *
You are too injured to fight recklessly!
You are too injured to fight recklessly!
You are too injured to fight recklessly!
You are too injured to fight recklessly!
Drink which item? (? for menu, Esc to quit)
Okay, then.
Are you sure you want to abandon this character and quit the game? (Confirm with "yes".)

# #.......... #.
#..o....... #..
#.........? ..
#..........
#.#..........
#....ZY......
#.o.o...#
###a###.# #@###.#
## #..#..#
#...#.#.###
...[#.......# #..#
#.# ####..#.###
#..## .
##.....###...#
.#####.#.#..##...#
............##...#
#..#.#.#####...#


You could see a sky beast, a worker ant, an orc wizard, 2 orcs and a jackal
skeleton.

Vanquished Creatures
  A slave (D:4)
  A worker ant (D:5)
  2 iguanas
  3 gnolls
  4 adders
  An ooze (D:2)
  3 worms
  2 giant geckos
  3 orcs
  4 giant cockroaches
  4 goblins
  8 hobgoblins
  7 jackals (D:2)
  7 kobolds
  2 quokkas (D:2)
  5 bats
  4 giant newts
  10 rats
71 creatures vanquished.

Notes
Turn   | Place    | Note
--------------------------------------------------------------
     0 | D:1      | wvc the Tengu Wanderer began the quest for the Orb.
     0 | D:1      | wvc set off with: a wand of confusion (15/48), a potion of curing, a +0 mace, a +0 robe, a bread ration
     0 | D:1      | Reached XP level 1. HP: 14/14 MP: 3/3
   382 | D:1      | Reached XP level 2. HP: 19/19 MP: 4/4
   667 | D:2      | Reached skill level 1 in Dodging
   794 | D:2      | Reached skill level 4 in Maces & Flails
   817 | D:2      | Reached XP level 3. HP: 19/23 MP: 5/5
  1113 | D:2      | Found a shimmering altar of Xom.
  1150 | D:2      | Reached XP level 4. HP: 25/28 MP: 6/6
  2161 | D:2      | Gained mutation: You can fly. [Tengu growth]
  2161 | D:2      | Reached XP level 5. HP: 14/32 MP: 7/7
  2411 | D:3      | Reached skill level 5 in Maces & Flails
  3024 | D:4      | Noticed a slave
  3041 | D:4      | Killed a slave
  3216 | D:4      | Found a snail-covered altar of Cheibriados.
  3217 | D:4      | Found an oddly glowing altar of Pakellas.
  3232 | D:5      | Entered Level 5 of the Dungeon
  3492 | D:5      | Reached skill level 6 in Maces & Flails
  3697 | D:5      | Noticed a phantom
  3725 | D:5      | Noticed a sky beast
  3728 | D:5      | Reached XP level 6. HP: 31/37 MP: 8/8
  3737 | D:5      | Quit the game

Vault maps used:
D:1:      minmay_arrival_four_circles
D:2:      xom_teletrap_fun, first_bread
D:4:      nicolae_overflow_hidden_temple, nicolae_overflow_crystal_walls,
          serial_shops, kennysheep_mini_moat, kennysheep_mini, uniq_pikel,
          uniq_crazy_yiuf_cottage
D:5:      marbit_many_paths, st_stairs_9, serial_bayou_ford_a,
          okawaru_altar_gauntlet_db

Action                   |  1- 3 |  4- 6 || total
-------------------------+-------+-------++-------
Melee: Mace              |    93 |    70 ||   163
       Flail             |       |   109 ||   109
Evoke: Wand              |       |     5 ||     5
  Use: Scroll            |       |     7 ||     7
       Potion            |       |     1 ||     1
  Eat: Chunk             |     1 |     2 ||     3
       Meat ration       |       |     1 ||     1
       Bread ration      |       |     1 ||     1
